 Dungeon Crawl Stone Soup version 0.19-a0-905-ge5e6a15 (webtiles) character file.

129 Lessnames the Slasher (level 4, -5/37 HPs)
             Began as a Demigod Fighter on July 5, 2016.
             Slain by a hobgoblin
             ... wielding a +0 club
             ... led by Robin
              (8 damage)
             ... on level 3 of the Dungeon.
             The game lasted 00:02:51 (1688 turns).

Lessnames the Slasher (Demigod Fighter)             Turns: 1688, Time: 00:02:52

Health: -5/37      AC:  6    Str: 26    XL:     4   Next: 58%
Magic:  6/6        EV:  7    Int: 12    God:
Gold:   41         SH: 10    Dex: 15    Spells: 0 memorised, 3 levels left

rFire  . . .     SeeInvis .     a - +0 long sword
rCold  . . .     Gourm    .     b - +0 scale mail
rNeg   . . .     Faith    .     c - +0 shield
rPois  .         Spirit   .     (no helmet)
rElec  .         Dismiss  .     (no cloak)
rCorr  .         Reflect  .     (no gloves)
SustAt +         Harm     .     (no boots)
MR     .....                    (no amulet)
Stlth  ..........               (no ring)
                                n - ring of flight (curse)

@: mighty, not resistant to hostile enchantments, extremely unstealthy
A: high mp 1, sustain attributes
a: Evoke Flight


You were on level 3 of the Dungeon.
You were not hungry.

You visited 1 branch of the dungeon, and saw 3 of its levels.

You collected 41 gold pieces.

Inventory:

Hand Weapons
 a - a +0 long sword (weapon)
Missiles
 g - 8 tomahawks (quivered)
 v - 3 javelins
Armour
 b - a +0 scale mail (worn)
 c - a +0 shield (worn)
Jewellery
 n - a cursed ring of flight (left hand)
Scrolls
 e - 2 scrolls of fear {unknown}
 h - 5 scrolls of identify {unknown}
 j - a scroll of recharging {unknown}
 l - a scroll of enchant weapon {unknown}
 q - a scroll of teleportation {unknown}
 t - a scroll of amnesia {unknown}
 u - a scroll of enchant armour {unknown}
 x - a scroll of remove curse {unknown}
Potions
 d - a potion of might
 i - a potion of lignification {unknown}
 m - a potion of curing
 p - a potion of mutation {unknown}
 r - a potion of heal wounds {unknown}
 s - a potion of haste {unknown}
Comestibles
 f - 3 bread rations
 k - a chunk of flesh
 o - 3 meat rations
 w - 4 fruits


   Skills:
 + Level 2.9 Fighting
 * Level 4.5 Long Blades
 - Level 2.6 Armour
 - Level 2.6 Shields


You had 3 spell levels left.
You didn't know any spells.

Dungeon Overview and Level Annotations

Branches:
Dungeon (3/15)

Annotations:
D:3 Robin


Innate Abilities, Weirdness & Mutations

You have an increased reservoir of magic. (+10% MP)
Your attributes are resistant to harm.


Message History

The hobgoblin goes into a battle-frenzy!
Robin hits you from afar with a trident!
* * * LOW HITPOINT WARNING * * *
Unknown command.
You feel very mighty all of a sudden. You block the hobgoblin's attack.
The goblin barely misses you.
You riposte.
You slice the goblin!!
You kill the goblin!
You block the goblin's attack. You block the hobgoblin's attack.
Unknown command.
Unknown command.
Unknown command.
You slice the goblin!!
You kill the goblin!
Robin hits you from afar with a trident.
* * * LOW HITPOINT WARNING * * *
The hobgoblin barely misses you.
You riposte.
You hit the hobgoblin.
The hobgoblin is moderately wounded.
You block the goblin's attack. The hobgoblin hits you with a club!
You die...

..... #.....#
g.....####.###.#
....g..(...# #.#
g..g..####.###.# ### .....
#.....# ##.## .#..
###).####.#.##
......#.######..###.###.##
#..#.##(..().)gg##.## ##.##
#..#.##.######gg@)## ##.#
........# #.g##.## ##.##
...#.##.######..###.###.##
#..#.##.##......# ##.#.##
#..#.##.##.###..#####.#####
#...............[.........#
.#รท#..####.###..###.#.###.#
###...# #......# #.#.#
.#.##.# ######.....#.#


You could see Robin, 2 hobgoblins and 2 goblins.

Vanquished Creatures
  An orc wizard (D:2)
  Ijyb (D:3)
  2 adders (D:2)
  3 dart slugs
  2 giant cockroaches (D:1)
  11 goblins
  12 hobgoblins
  A quokka (D:2)
  A ball python (D:1)
  4 bats
  A giant newt (D:1)
  4 kobolds
  6 rats
49 creatures vanquished.

Notes
Turn   | Place    | Note
-------+----------+-------------------------------------------
     0 | D:1      | Lessnames the Demigod Fighter began the quest for the Orb.
     0 | D:1      | Reached XP level 1. HP: 18/18 MP: 3/3
    19 | D:1      | Reached skill level 2 in Long Blades
   291 | D:1      | Reached XP level 2. HP: 25/25 MP: 4/4
   529 | D:1      | Reached skill level 3 in Long Blades
   880 | D:2      | Reached XP level 3. HP: 30/30 MP: 5/5
   928 | D:2      | Found a faded altar of an unknown god.
  1155 | D:2      | Found a sacrificial altar of Ru.
  1174 | D:2      | Reached skill level 4 in Long Blades
  1174 | D:2      | Reached XP level 4. HP: 36/37 MP: 6/6
  1208 | D:2      | Found a burning altar of Makhleb.
  1558 | D:3      | Noticed Ijyb
  1572 | D:3      | Killed Ijyb
  1675 | D:3      | Noticed Robin
  1688 | D:3      | Slain by a hobgoblin

Vault maps used:
D:1:      minmay_arrival_radiant_lines, minmay_nonomino_d4
D:2:      nicolae_ru_great_annihilating_truth, lemuel_doored_altar,
          ecumenical_altar_2
D:3:      uniq_iyjb, uniq_grinder, uniq_robin

Skill      XL: |  1  2  3 |
---------------+----------+-----
Long Blades    | 2 3 4 |  4.5
Fighting       | |  2.9
Armour         | |  2.6
Shields        | |  2.6

Action                   |  1- 3 |  4- 6 || total
-------------------------+-------+-------++-------
Melee: Long sword        |   110 |    56 ||   166
  Use: Potion            |       |     2 ||     2
 Stab: Paralysed         |       |     2 ||     2
  Eat: Chunk             |     1 |     2 ||     3
Armor: Scale mail        |    30 |    27 ||    57
Dodge: Dodged            |    27 |    17 ||    44
Block: Shield            |    40 |    35 ||    75
